Map: Persephone LE

Players

krdsl

  • Race: Protoss Protoss
  • League: Master
  • Spawn Location: 11:00

Timf - Winner!

  • Race: Protoss Protoss
  • League: Master
  • Spawn Location: 7:00

VOD

Have the link to the VOD?

Description

Time

  • Played on: May 30, 2025, 10:39 a.m.
  • Length: 13:42
Show
View Real Time Build Order
Export as new Build Order

krdsl Protoss 

Build Orders:  

Get SALT Encoding   

  12  0:00  Probe  
  13  0:12  Probe  
  14  0:21  Pylon  
  14  0:24  Probe  
  15  0:39  Probe  
  15  0:41  Gateway  
  16  0:51  Probe, Assimilator  
  17  1:03  Probe  
  18  1:15  Probe  
  18  1:16  Gateway  
  19  1:29  Cybernetics Core  
  19  1:34  Zealot, Pylon  
  19  1:35  Probe  
  22  1:47  Probe  
  23  1:59  Probe  
  23  2:00  Assimilator  
  24  2:05  Stalker  
  26  2:11  Probe  
  27  2:18  Pylon, Warp Gate  
  27  2:37  Probe  
  28  2:45  Stalker  
  28  2:47  Nexus  
  30  2:52  Stalker  
  32  3:02  Pylon  
  32  3:04  Probe  
  32  3:12  Probe  
  33  3:17  Stalker  
  34  3:21  Probe  
  34  3:23  Stalker  
  39  3:33  Probe  
  40  3:43  Gateway  
  40  3:49  Gateway  
  40  3:51  Probe  
  41  3:57  Probe  
  41  3:59  Probe  
  42  4:05  Probe  
  42  4:09  Zealot, Probe  
  46  4:10  Zealot  
  46  4:15  Probe  
  49  4:20  Probe  
  51  4:32  Stalker x2  
  55  4:43  Zealot  
  55  4:44  Pylon  
  55  4:45  Zealot, Pylon  
  59  4:47  Probe x2  
  61  4:55  Probe  
  61  4:58  Twilight Council, Probe  
  62  5:03  Zealot x2  
  67  5:07  Zealot  
  67  5:10  Zealot  
  71  5:19  Assimilator, Probe x2  
  71  5:21  Assimilator  
  65  5:30  Zealot  
  65  5:31  Zealot x2, Probe  
  68  5:54  Zealot x3  
  68  5:55  Zealot  
  64  6:10  Zealot x2  
  66  6:17  Zealot x2  
  60  6:32  Stalker  
  60  6:33  Stalker  
  60  6:43  Zealot x2  
  64  6:49  Probe  
  61  6:57  Charge  
  61  6:58  Zealot  
  61  6:59  Zealot  
  65  7:02  Probe  
  66  7:08  Gateway x2  
  66  7:14  Gateway x2  
  66  7:16  Zealot  
  66  7:17  Zealot, Pylon  
  66  7:19  Stalker x2, Pylon  
  66  7:22  Templar Archives  
  72  7:43  Zealot x4  
  52  8:06  Zealot x5  
  52  8:07  Zealot  
  64  8:15  High Templar x2  
  60  8:23  High Templar x2  
  64  8:27  Archon  
  64  8:30  High Templar x3  
  64  8:31  High Templar  
  72  8:41  Archon  
  72  8:42  Archon  
  72  8:43  Archon  
  72  8:45  Zealot  
  74  8:48  Zealot  
  76  9:00  Zealot x2  
  80  9:03  High Templar x2  
  80  9:04  High Templar x2  
  80  9:06  Zealot  
  80  9:09  Zealot  
  92  9:11  Nexus  
  92  9:14  Pylon  
  92  9:15  Archon  
  92  9:16  Archon  
  92  9:23  Zealot  
  94  9:32  Pylon  
  94  9:34  Pylon  
  94  9:37  Pylon  
  94  9:39  Pylon  
  94  9:40  Pylon  
  94  9:43  Pylon  
  94  9:51  Zealot x8  
  92  10:07  Zealot x8  
  76  10:34  Zealot x8  
  86  10:57  Zealot x8  
  80  11:22  Robotics Facility  
  78  11:26  Gateway  
  78  11:31  Pylon  
  68  11:46  Zealot x6  
  68  11:47  Zealot  
  55  12:04  Observer  
  28  12:17  Observer  
  28  12:18  Zealot  
  28  12:19  Zealot x2  
  28  12:20  Zealot x2  
  28  12:21  Zealot x2  
  25  12:49  Pylon  
  25  12:52  Pylon  
  25  12:53  Pylon  
  25  12:54  Zealot  
  27  13:00  Probe  
  28  13:09  High Templar  
  28  13:10  High Templar  
  32  13:13  Archon  
  26  13:22  High Templar  
  26  13:23  High Templar  
  30  13:27  Archon  
  30  13:32  High Templar  
Show
View Real Time Build Order
Export as new Build Order

Timf Protoss - Winner!

Build Orders: 1 Gate Expand, Double Forge 

Get SALT Encoding   

  12  0:00  Probe  
  13  0:12  Probe  
  14  0:19  Pylon  
  14  0:24  Probe  
  15  0:35  Probe  
  15  0:37  Gateway  
  16  0:43  Probe  
  17  0:50  Assimilator  
  17  0:52  Probe  
  18  1:04  Probe  
  19  1:17  Probe  
  20  1:26  Nexus  
  20  1:35  Cybernetics Core  
  21  1:40  Probe  
  21  1:53  Pylon, Probe  
  21  1:54  Assimilator  
  21  2:01  Probe  
  22  2:04  Pylon  
  23  2:11  Probe  
  23  2:13  Warp Gate  
  23  2:14  Stalker  
  26  2:26  Probe  
  27  2:34  Gateway  
  27  2:38  Probe x2, Robotics Facility  
  29  2:45  Stalker  
  29  2:46  Probe  
  32  2:57  Probe  
  33  2:58  Probe  
  33  3:02  Pylon  
  33  3:05  Stalker  
  34  3:09  Probe  
  35  3:18  Shield Battery  
  35  3:19  Probe, Observer  
  38  3:21  Probe  
  40  3:31  Probe  
  40  3:33  Probe  
  42  3:35  Stalker, Immortal  
  42  3:37  Pylon  
  44  3:43  Probe  
  49  3:52  Probe  
  49  3:55  Probe  
  51  4:01  Gateway  
  51  4:03  Pylon  
  51  4:04  Probe  
  51  4:07  Probe  
  53  4:10  Immortal  
  53  4:23  Stalker x2  
  61  4:38  Probe  
  61  4:39  Probe  
  61  4:45  Pylon  
  63  4:51  Stalker x2, Gateway  
  67  4:53  Gateway  
  67  4:56  Forge  
  67  4:58  Forge  
  67  5:03  Assimilator  
  67  5:08  Observer  
  67  5:30  Protoss Ground Armor Level 1  
  67  5:33  Zealot  
  67  5:34  Zealot x2  
  67  5:36  Immortal  
  67  5:41  Probe  
  66  5:57  Stalker x5  
  58  6:18  Shield Battery  
  58  6:21  Pylon  
  54  6:25  Stalker x4  
  54  6:29  Gateway  
  54  6:32  Stalker  
  58  6:51  Stalker x3  
  64  7:00  Probe x2  
  66  7:04  Zealot x2  
  66  7:06  Protoss Ground Weapons Level 1  
  70  7:19  Immortal  
  70  7:21  Nexus  
  74  7:23  Pylon x2  
  74  7:27  Zealot x3  
  74  7:28  Zealot x3  
  86  7:43  Twilight Council  
  84  7:44  Shield Battery  
  84  7:46  Probe x2, Shield Battery  
  80  7:58  Probe x2, Assimilator  
  82  8:06  Zealot x5, Immortal, Protoss Shields Level 1  
  82  8:07  Zealot  
  82  8:10  Probe x2  
  82  8:12  Charge  
  98  8:20  Phoenix  
  98  8:22  Probe x2  
  100  8:28  Zealot  
  102  8:34  Probe x2  
  102  8:38  Probe  
  102  8:41  Sentry, Zealot x3  
  107  8:46  Probe x2  
  115  8:50  Probe  
  116  8:58  Probe  
  117  9:05  Pylon, Protoss Ground Weapons Level 2  
  117  9:07  Pylon  
  117  9:10  Dark Shrine  
  117  9:12  Nexus  
  117  9:23  Probe  
  118  9:27  Zealot  
  118  9:28  Zealot x5  
  118  9:29  Probe  
  118  9:30  Probe  
  132  9:33  Assimilator  
  132  9:35  Probe  
  132  9:36  Assimilator  
  130  10:06  Protoss Ground Armor Level 2  
  102  10:22  Dark Templar x2  
  102  10:23  Dark Templar x2  
  96  10:35  Stalker, Zealot  
  80  10:37  Probe x2  
  80  10:38  Probe  
  81  10:49  Probe x2  
  77  10:50  Probe  
  78  11:05  Zealot x3  
  78  11:06  Probe  
  78  11:07  Probe x2  
  72  11:19  Probe x2, Zealot, Stalker  
  72  11:20  Stalker  
  72  11:21  Probe  
  65  11:30  Stalker  
  65  11:31  Zealot x2, Probe x2  
  69  11:33  Probe  
  70  11:42  Zealot x2  
  70  11:43  Probe x2  
  70  11:45  Probe  
  70  11:46  Dark Templar  
  66  11:59  Dark Templar x3  
  53  12:14  Nexus  
  48  12:16  Pylon  
  48  12:18  Pylon  
  45  12:28  Zealot x2  
  45  12:29  Zealot  
  51  12:32  Probe  
  51  12:33  Probe x2  
  50  12:40  Probe  
  50  12:41  Probe  
  51  12:45  Probe  
  51  12:48  Probe  
  51  12:49  Probe  
  51  12:54  Probe  
  51  12:56  Probe  
  51  12:57  Probe  
  54  13:02  Probe  
  54  13:05  Probe x2  
  56  13:11  Probe  
  59  13:17  Probe  
  61  13:31  Zealot x6  
Tags
 
Add a new tag
Caveats
  • Supply blocks, unpowered buildings, or Contaminate may cause inaccurate times.
  • Supply counts are checked every 10 seconds.